Map: Ascension to Aiur LE

Players

omegabanana - Winner!

  • Race: Protoss Protoss
  • League: Gold
  • Spawn Location: 5:00

PandaBearMe

  • Race: Zerg Zerg
  • League: Master
  • Spawn Location: 11:00

VOD

https://go.twitch.tv/videos/186074637

Description

Time

  • Played on: Oct. 29, 2017, 11:34 a.m.
  • Length: 8:55
Show
View Real Time Build Order
Export as new Build Order

omegabanana Protoss - Winner!

Build Orders: 1 Gate Expand, Zealot Archon, Dark Templar Rush 

Get SALT Encoding   

  12  0:01  Probe (Chrono Boost)  
  13  0:11  Probe (Chrono Boost)  
  14  0:17  Pylon  
  14  0:22  Probe (Chrono Boost)  
  16  0:35  Probe (Chrono Boost)  
  16  0:38  Gateway  
  16  0:43  Assimilator  
  16  0:46  Probe (Chrono Boost)  
  18  0:57  Probe (Chrono Boost)  
  18  1:12  Probe (Chrono Boost)  
  19  1:22  Nexus  
  19  1:26  Probe (Chrono Boost)  
  20  1:33  Cybernetics Core  
  20  1:37  Probe (Chrono Boost)  
  21  1:41  Assimilator  
  21  1:48  Probe (Chrono Boost)  
  21  1:51  Pylon  
  22  1:58  Probe (Chrono Boost)  
  23  2:09  Probe (Chrono Boost)  
  23  2:10  Adept (Chrono Boost)  
  23  2:11  Warp Gate  
  26  2:21  Probe  
  27  2:24  Twilight Council  
  27  2:32  Probe  
  27  2:34  Adept (Chrono Boost), Probe  
  31  2:42  Probe  
  32  2:46  Probe  
  32  2:50  Robotics Facility  
  33  2:53  Probe (Chrono Boost)  
  35  2:58  Probe (Chrono Boost)  
  35  3:06  Probe (Chrono Boost)  
  35  3:09  Probe (Chrono Boost)  
  37  3:17  Probe (Chrono Boost)  
  39  3:20  Dark Shrine, Probe (Chrono Boost)  
  39  3:33  Gateway  
  39  3:34  Gateway  
  39  3:36  Gateway  
  39  3:39  Warp Prism (Chrono Boost)  
  39  3:40  Probe  
  41  3:43  Probe  
  41  3:45  Assimilator  
  43  3:50  Assimilator  
  43  3:51  Probe  
  43  3:54  Pylon  
  44  3:56  Probe  
  44  4:02  Probe (Chrono Boost)  
  45  4:04  Pylon  
  46  4:12  Probe (Chrono Boost)  
  46  4:14  Probe (Chrono Boost)  
  48  4:23  Probe (Chrono Boost)  
  53  4:24  Probe (Chrono Boost)  
  54  4:37  Dark Templar x4  
  58  4:38  Immortal  
  62  4:49  Resonating Glaives  
  62  4:50  Pylon  
  62  5:12  Gateway  
  62  5:13  Gateway, Archon x2  
  62  5:20  Immortal (Chrono Boost)  
  66  5:22  Pylon  
  66  5:26  Gateway  
  66  5:27  Pylon  
  66  5:28  Sentry x2  
  66  5:30  Pylon  
  70  5:38  Pylon  
  70  5:40  Pylon, Sentry x2  
  74  5:49  Mothership Core (Chrono Boost)  
  76  6:00  Adept x2  
  79  6:08  Pylon  
  79  6:18  Pylon  
  79  6:19  Gateway  
  79  6:21  Pylon, Adept x5  
  79  6:22  Adept  
  91  6:38  Adept  
  85  6:53  Adept x2  
  85  6:54  Adept x4  
  83  6:58  Warp Prism  
  77  7:18  Adept x5  
  77  7:19  Adept x2  
  87  7:44  Adept x6  
  87  7:45  Adept  
  94  7:51  Observer (Chrono Boost)  
  94  8:07  Adept  
  94  8:08  Adept x6  
  94  8:09  Adept  
  110  8:18  Immortal (Chrono Boost)  
  106  8:34  Adept  
  106  8:35  Adept x5  
Show
View Real Time Build Order
Export as new Build Order

PandaBearMe Zerg 

Build Orders: Hatch First 

Get SALT Encoding   

  12  0:02  Drone  
  13  0:13  Overlord  
  13  0:17  Drone  
  14  0:32  Drone x2  
  16  0:48  Hatchery  
  15  0:52  Drone  
  15  0:55  Drone  
  17  0:59  Drone  
  17  1:03  Extractor  
  17  1:14  Spawning Pool  
  17  1:18  Drone  
  17  1:21  Drone  
  18  1:31  Drone  
  19  1:40  Drone  
  20  1:50  Overlord  
  20  2:01  Queen x2  
  20  2:03  Metabolic Boost  
  20  2:06  Drone  
  25  2:11  Drone  
  25  2:14  Drone  
  27  2:17  Drone  
  28  2:25  Drone x2  
  30  2:40  Hatchery  
  30  2:42  Zergling x2  
  30  2:45  Zergling x2  
  30  2:50  Pneumatized Carapace  
  31  2:52  Drone  
  31  2:55  Drone  
  33  3:01  Overlord  
  33  3:04  Drone  
  34  3:06  Drone  
  35  3:14  Drone  
  36  3:21  Drone x6  
  36  3:26  Queen  
  44  3:33  Overlord  
  44  3:35  Overlord  
  44  3:47  Overlord  
  44  3:50  Lair, Evolution Chamber  
  44  3:51  Overlord, Drone  
  44  3:54  Drone  
  45  3:56  Drone  
  45  3:57  Drone  
  45  4:01  Drone  
  45  4:02  Drone x2  
  50  4:07  Queen  
  52  4:10  Extractor  
  52  4:14  Queen  
  52  4:16  Zerg Melee Weapons Level 1  
  53  4:21  Drone, Baneling Nest  
  53  4:23  Drone  
  54  4:27  Overlord  
  54  4:28  Zergling x4  
  54  4:30  Zergling x2  
  57  4:33  Spore Crawler  
  57  4:36  Zergling x2, Spore Crawler  
  57  4:38  Zergling x2  
  57  4:43  Zergling x4  
  57  4:44  Zergling x4  
  59  4:47  Spore Crawler  
  59  4:50  Overseer  
  59  4:51  Zergling x2  
  59  4:52  Zergling x2  
  60  5:01  Overlord  
  60  5:06  Hydralisk Den  
  60  5:07  Overlord, Drone x3  
  59  5:09  Drone  
  63  5:15  Queen  
  63  5:19  Queen  
  67  5:24  Drone  
  67  5:25  Drone x2  
  67  5:27  Drone  
  67  5:28  Drone  
  72  5:31  Drone  
  72  5:35  Drone x2  
  75  5:37  Muscular Augments  
  75  5:47  Hydralisk  
  75  5:48  Hydralisk x2  
  80  5:50  Overlord  
  79  5:59  Overlord  
  79  6:00  Extractor x2  
  79  6:03  Hydralisk  
  79  6:04  Overlord  
  79  6:05  Drone x2  
  79  6:06  Drone x3  
  82  6:16  Overlord, Hydralisk x2  
  82  6:17  Overlord, Drone  
  82  6:18  Drone  
  88  6:25  Hydralisk  
  88  6:28  Zergling x4  
  88  6:29  Hydralisk  
  88  6:30  Zergling x4  
  88  6:32  Zergling x2  
  96  6:40  Hydralisk x2  
  96  6:42  Hydralisk  
  102  6:49  Zergling x4  
  102  6:50  Hydralisk  
  96  6:59  Hydralisk x2  
  83  7:08  Hydralisk  
  81  7:15  Zergling x20  
  82  7:21  Zergling x4  
  70  7:27  Baneling x2, Hydralisk  
  48  7:49  Zergling x8  
  50  7:54  Hatchery  
  49  8:01  Zergling x6, Baneling x2  
  49  8:03  Zergling x2  
  53  8:10  Baneling x2  
  53  8:12  Zergling x2  
  54  8:16  Zergling x2  
  54  8:19  Zergling x2, Baneling  
  56  8:20  Baneling  
  56  8:23  Zergling x2  
  52  8:33  Zergling x2  
  52  8:34  Zergling x2, Baneling  
Tags
 
Add a new tag
Caveats
  • Supply blocks, unpowered buildings, or Contaminate may cause inaccurate times.
  • Supply counts are checked every 10 seconds.